 Dungeon Crawl Stone Soup version 0.31-a0-237-g2d982f9f85 (webtiles) character file.

Game seed: 8469526064987477527

435 qw the Shooter (level 6, -3/53 HPs)
             Began as a Minotaur Hexslinger on July 10, 2023.
             Slain by Blork the orc
             ... wielding a +1 war axe of freezing
              (4 damage)
             ... on level 4 of the Dungeon.
             The game lasted 00:01:17 (2826 turns).

qw the Shooter (Minotaur Hexslinger)                Turns: 2826, Time: 00:01:17

Health: -3/53      AC:  5    Str: 12    XL:     6   Next: 68%
Magic:  6/6        EV: 11    Int: 10    God:
Gold:   267        SH:  0    Dex: 15    Spells: 6/7 levels left

rFire   + . .        Y - +2 sling
rCold   . . .        (no shield)
rNeg    . . .        a - +0 ring mail
rPois   .            (helmet restricted)
rElec   .            (no cloak)
rCorr   .            (no gloves)
SInv    .            (no boots)
Will    +....        (no amulet)
Stlth   +            c - ring of willpower
HPRegen 0.28/turn    h - ring of protection from fire
MPRegen 0.10/turn

%: no passive effects
@: no status effects
A: horns 2, retaliatory headbutt
a: no special abilities


You were on level 4 of the Dungeon.
You visited 1 branch of the dungeon, and saw 4 of its levels.

You collected 267 gold pieces.


Innate Abilities, Weirdness & Mutations

You have a pair of horns on your head.
You reflexively headbutt those who attack you in melee.


   Skills:
 - Level 4.7 Fighting
 + Level 6.5 Ranged Weapons
 - Level 1.2 Armour
 - Level 2.1 Dodging
 - Level 1.0 Spellcasting
 - Level 2.0 Hexes


You had 6 spell levels left.
You knew the following spells:

 Your Spells              Type           Power      Damage    Failure   Level
a - Slow                  Hex            16%        N/A       34%         1

Your spell library contained the following spells:

 Spells                   Type           Power      Damage    Failure   Level
 Inner Flame              Hex/Fire       2%         N/A       83%         3
 Portal Projectile        Hex/Tloc       4%         N/A       83%         3
 Cause Fear               Hex            2%         N/A       98%         4

Inventory:

Hand Weapons
 Y - a +2 sling (weapon)
Armour
 a - a +0 ring mail (worn)
Jewellery
 c - a ring of willpower (left hand)
 h - a ring of protection from fire (right hand)
Scrolls
 e - 2 scrolls of identify
Potions
 b - a potion of cancellation {unknown}
 f - 2 potions of curing {unknown}
 g - a potion of resistance
 i - a potion of might {unknown}

Dungeon Overview and Level Annotations

Branches:
Dungeon (4/15)
 Temple: D:4-7

Altars:
Elyvilon
Fedhas
Uskayaw

Annotations:
D:4 Blork the orc, Dowan


Message History

Blork the orc points at you and mumbles some strange words.
The puff of frost hits you.
The orc wizard mumbles some strange words.
The orc wizard flickers and vanishes!
Deactivating autopickup; reactivate with Ctrl-A.
Blork the orc gestures at you while chanting.
The magic dart hits you!
You shoot a sling bullet. The sling bullet hits Blork the orc.
Blork the orc is lightly wounded.
Blork the orc zaps a wand.
The puff of flame misses you.
You shoot a sling bullet.
You hear some strange, mumbled words.
A puff of flame appears from out of thin air!
The puff of flame misses you.
You shoot a sling bullet. The sling bullet hits Blork the orc.
Blork the orc is lightly wounded.
Blork the orc hits you with a +1 war axe of freezing!
Blork the orc freezes you.
You hear some strange, mumbled words.
Something tries to affect you, but you resist.
You shoot a sling bullet. The sling bullet hits Blork the orc.
Blork the orc is lightly wounded.
Blork the orc screams, "I'll drink your blood!
Soon!"
Something hits you but does no damage.
Blork the orc hits you with a +1 war axe of freezing!
Blork the orc freezes you.
You shoot a sling bullet.
The sling bullet barely misses Blork the orc.
Blork the orc hits you with a +1 war axe of freezing.
Blork the orc freezes you. Something hits you but does no damage.
The orc wizard hits you with a +0 dagger.
An orc comes into view. It is wielding a +0 short sword.
Blork the orc misses you. You furiously retaliate!
You headbutt Blork the orc! You shoot a sling bullet.
The sling bullet closely misses Blork the orc.
Something hits you but does no damage.
The orc wizard hits you with a +0 dagger.
Blork the orc hits you with a +1 war axe of freezing!
Blork the orc freezes you.
You die...

#..........#....#.....
#..........#....'.....
#..........#....#.....
#......)...#....#.....
#..........#....#.....
#+#######'#######.....
#.............####
#.............#...
#@o...........#...
#{o...........#...
#o............###+
.........#####..........
.........#...#).........
...J.....#...)..........
...o.....#...#{.........
.o.......#.. #..........
......####. ##+#####...


You could see Blork the orc (fast), an orc wizard and an orc.

Vanquished Creatures
  Duvessa (D:4)
  A black bear (D:4)
  An orc priest (D:4)
  2 iguanas
  2 orc wizards
  3 adders
  A worm (D:2)
  12 orcs
  5 bats
  6 endoplasms
  2 giant cockroaches (D:1)
  3 goblins
  3 hobgoblins
  11 jackals
  2 quokkas
  7 ball pythons
  4 frilled lizards
  7 kobolds
  3 rats
76 creatures vanquished.

Notes
Turn   | Place    | Note
-------+----------+-------------------------------------------
     0 | D:1      | qw the Minotaur Hexslinger began the quest for the Orb.
     0 | D:1      | Reached XP level 1. HP: 16/16 MP: 1/1
     0 | D:1      | 0 ||| qw: Version: 0.3-a-52-g30416fa
     0 | D:1      | 0 ||| qw: Game counter: 5369
     0 | D:1      | 0 ||| qw: Melee chars always use a shield: true
     0 | D:1      | 0 ||| qw: God list: Okawaru
     0 | D:1      | 0 ||| qw: Allow faded altars: false
     0 | D:1      | 0 ||| qw: Do Orc after clearing Dungeon:15 true
     0 | D:1      | 0 ||| qw: Do second Lair branch before Depths: true
     0 | D:1      | 0 ||| qw: Lair rune preference: random
     0 | D:1      | 0 ||| qw: Goals: Normal
     0 | D:1      | 0 ||| PLANNING D:1-11
    96 | D:1      | Reached skill level 3 in Ranged Weapons
   100 | D:1      | Reached XP level 2. HP: 10/23 MP: 2/2
   100 | D:1      | HP: 4/23 [jackal (3)]
   692 | D:1      | 692 ||| UPGRADING to +0 leather armour.
   702 | D:1      | 702 ||| DROPPING +0 robe.
   703 | D:1      | 703 ||| READING 2 scrolls labelled PUEGOU HANWAKK.
   704 | D:1      | 704 ||| READING scroll labelled RUYMNU DYUDGH.
   705 | D:1      | 705 ||| READING scroll labelled DIMIEK RAFUAZO.
   706 | D:1      | 706 ||| READING 2 scrolls labelled ZUNARCH CAIGOES.
   707 | D:1      | 707 ||| READING scroll labelled HEIRCH IFFUTWEV.
   708 | D:1      | 708 ||| READING 2 scrolls labelled PEV YMYNIUTZU.
   713 | D:1      | 713 ||| DROPPING scroll of fear.
   714 | D:1      | 714 ||| DROPPING scroll of poison.
   715 | D:1      | 715 ||| DROPPING scroll of amnesia.
   745 | D:2      | You fall into a shaft and drop 1 floor!
   751 | D:3      | Reached XP level 3. HP: 29/29 MP: 3/3
   801 | D:3      | Reached skill level 4 in Ranged Weapons
   865 | D:3      | 865 ||| UPGRADING to +0 ring mail.
   875 | D:3      | 875 ||| DROPPING +0 leather armour.
   876 | D:3      | 876 ||| READING scroll labelled HAAZUFI ETRATO.
   882 | D:2      | Found a hide-covered altar of Uskayaw.
   957 | D:2      | Reached skill level 1 in Armour
  1020 | D:2      | Reached XP level 4. HP: 16/36 MP: 4/4
  1424 | D:2      | 1424 ||| UPGRADING to ring of willpower.
  1425 | D:2      | 1425 ||| READING scroll labelled ONYTEON ZATORPHOACW.
  1426 | D:2      | 1426 ||| DRINKING 2 white potions.
  1610 | D:3      | Found a blossoming altar of Fedhas.
  1739 | D:3      | Reached skill level 5 in Ranged Weapons
  1820 | D:3      | Found a white marble altar of Elyvilon.
  1878 | D:3      | Reached XP level 5. HP: 30/44 MP: 5/5
  1878 | D:3      | 1878 ||| FLEEEEING.
  1879 | D:3      | 1879 ||| FLEEEEING.
  1880 | D:3      | 1880 ||| FLEEEEING.
  1881 | D:3      | 1881 ||| FLEEEEING.
  1882 | D:3      | 1882 ||| FLEEEEING.
  1883 | D:3      | 1883 ||| FLEEEEING.
  1884 | D:3      | 1884 ||| FLEEEEING.
  1885 | D:3      | 1885 ||| FLEEEEING.
  1886 | D:3      | 1886 ||| FLEEEEING.
  1887 | D:3      | 1887 ||| FLEEEEING.
  1888 | D:3      | 1888 ||| FLEEEEING.
  1889 | D:3      | 1889 ||| FLEEEEING.
  1890 | D:3      | 1890 ||| FLEEEEING.
  1891 | D:3      | 1891 ||| FLEEEEING.
  1892 | D:3      | 1892 ||| FLEEEEING.
  1893 | D:3      | 1893 ||| FLEEEEING.
  1894 | D:3      | 1894 ||| FLEEEEING.
  1895 | D:3      | 1895 ||| FLEEEEING.
  1896 | D:3      | 1896 ||| FLEEEEING.
  1897 | D:3      | 1897 ||| FLEEEEING.
  1898 | D:3      | 1898 ||| FLEEEEING.
  1899 | D:3      | 1899 ||| FLEEEEING.
  1900 | D:3      | 1900 ||| FLEEEEING.
  1901 | D:3      | 1901 ||| FLEEEEING.
  1902 | D:3      | 1902 ||| FLEEEEING.
  1903 | D:3      | 1903 ||| FLEEEEING.
  1904 | D:3      | 1904 ||| FLEEEEING.
  1905 | D:3      | 1905 ||| STAIRDANCE
  1927 | D:2      | 1927 ||| UPGRADING to ring of protection from fire.
  1928 | D:2      | 1928 ||| DRINKING 2 orange potions.
  1929 | D:2      | 1929 ||| READING 2 scrolls of identify.
  1929 | D:2      | 1929 ||| IDENTIFYING coppery potion
  1930 | D:2      | 1930 ||| DROPPING potion of degeneration.
  1931 | D:2      | 1931 ||| DROPPING potion of brilliance.
  1934 | D:3      | 1934 ||| STAIRDANCE
  1996 | D:3      | Reached skill level 3 in Fighting
  2071 | D:3      | 2071 ||| DRINKING 2 puce potions.
  2160 | D:4      | Noticed Duvessa
  2160 | D:4      | Noticed Dowan
  2173 | D:4      | Killed Duvessa
  2174 | D:4      | Reached skill level 6 in Ranged Weapons
  2186 | D:4      | HP: 8/45 [Dowan/+0 dagger (5)]
  2187 | D:4      | 2187 ||| READING 2 scrolls of teleportation.
  2188 | D:4      | 2188 ||| DRINKING potion of heal wounds.
  2239 | D:4      | Reached XP level 6. HP: 51/51 MP: 6/6
  2596 | D:4      | HP: 11/53 [orc wizard/magic dart (6)]
  2597 | D:4      | 2597 ||| READING scroll of teleportation.
  2811 | D:4      | Noticed Blork the orc
  2814 | D:4      | 2814 ||| Stepping ~*~*~tactically~*~*~ (outnumbered).
  2815 | D:4      | 2815 ||| Stepping ~*~*~tactically~*~*~ (outnumbered).
  2825 | D:4      | HP: 13/53 [Blork the orc/+1 war axe of freezing (1)]
  2826 | D:4      | HP: 1/53 [Blork the orc/+1 war axe of freezing (8)]
  2826 | D:4      | Slain by Blork the orc

Levels and vault maps discovered:
D:1:      ldierk_walled_garden, layout_rooms, minmay_close_crescents
D:2:      layout_basic, basic_altar, hangedman_abyss_or_decor_stabs
D:3:      layout_rooms, mainiacjoe_overflow_alcove_1, amcnicky_altar_gilded,
          nrook_campfire, grunt_ministairs_14
D:4:      layout_gridville, minivault_26, uniq_duvessa, uniq_blork_the_orc

Skill      XL: |  1  2  3  4  5  6 |
---------------+-------------------+-----
Ranged Weapons | 3 4 5 6 |  6.5
Fighting       | 2 3 4 |  4.7
Armour         | 1 |  1.2
Dodging        | |  2.1
Spellcasting   | |  1.0
Hexes          | |  2.0

Action                     |  1- 3 |  4- 6 || total
---------------------------+-------+-------++-------
   Fire: Sling             |   105 |   176 ||   281
    Use: Scroll            |     7 |     4 ||    11
         Potion            |       |     4 ||     4
 Armour: Robe              |     8 |       ||     8
         Leather armour    |     4 |       ||     4
         Ring mail         |     1 |    42 ||    43
  Dodge: Dodged            |    39 |    82 ||   121

Table legend:
 A = Non-vault XP
 B = Vault XP
 C = Vault XP percentage of total XP
 D = Non-vault monster count
 E = Vault monster count
 F = Vault count percentage of total count
                 A         B        C        D         E       F
            +---------+---------+-------+---------+---------+-------
      Total |     466 |     156 |  25.1 |      69 |       7 |   9.2
            +---------+---------+-------+---------+---------+-------
        D:1 |      35 |       5 |  12.5 |      20 |       4 |  16.7
        D:2 |      76 |       0 |   0.0 |      15 |       0 |   0.0
        D:3 |      88 |       4 |   4.3 |      18 |       2 |  10.0
        D:4 |     267 |     147 |  35.5 |      16 |       1 |   5.9
            +---------+---------+-------+---------+---------+-------
